 Dungeon Crawl Stone Soup version 0.30.1-9-gdf580d7c3d (webtiles) character file.

Game seed: 18104487319050344365

443 safid the Chiller (level 7, -5/52 HPs)
             Began as a Merfolk Ice Elementalist on Oct 2, 2023.
             Slain by an ogre
             ... wielding a +0 giant club
              (32 damage)
             ... on level 5 of the Dungeon.
             The game lasted 00:07:08 (3890 turns).

safid the Chiller (Merfolk Ice Elementalist)        Turns: 3890, Time: 00:07:08

Health: -5/52      AC: 11    Str:  8    XL:     7   Next: 2%
Magic:  15/21      EV: 13    Int: 16    God:
Gold:   261        SH:  4    Dex: 15    Spells: 5/12 levels left

rFire   . . .        n - +0 demon blade
rCold   . . .        g - +0 buckler
rNeg    + . .        A - +2 robe {rN+}
rPois   +            r - +0 helmet
rElec   .            (no cloak)
rCorr   .            (no gloves)
SInv    .            (no boots)
Will    .....        (no amulet)
Stlth   ++           f - ring of magical power
HPRegen 0.28/turn    y - ring of poison resistance
MPRegen 0.17/turn

%: no passive effects
@: ice-armoured
A: (nimble swimmer 2), mertail
a: no special abilities


You were on level 5 of the Dungeon.
You visited 1 branch of the dungeon, and saw 5 of its levels.

You collected 261 gold pieces.

Inventory:

Hand Weapons
 e - the +4 long sword of the Throat {heavy, rPois Int+2}
   (You found it on level 2 of the Dungeon)

   Int:       It affects your intelligence (+2).
   rPois:     It protects you from poison.
 n - a +0 demon blade (weapon)
Armour
 g - a +0 buckler (worn)
 r - a +0 helmet (worn)
 A - a +2 robe of positive energy (worn)
Jewellery
 a - a ring of fire
 f - a ring of magical power (left hand)
 p - a ring of positive energy
 y - a ring of poison resistance (right hand)
Wands
 C - a wand of flame (19)
Scrolls
 c - 11 scrolls of identify {unknown}
 h - 2 scrolls of amnesia {unknown}
 j - 2 scrolls of teleportation {unknown}
 o - 2 scrolls of fear {unknown}
 q - a scroll of magic mapping {unknown}
 s - a scroll of enchant armour {unknown}
 w - a scroll of fog {unknown}
 x - a scroll of acquirement {unknown}
 B - a scroll of enchant weapon {unknown}
Potions
 b - a potion of magic
 d - 2 potions of invisibility {unknown}
 i - 3 potions of curing {unknown}
 k - a potion of haste {unknown}
 l - a potion of cancellation {unknown}
 m - 2 potions of might {unknown}
 t - a potion of heal wounds {unknown}
 u - a potion of resistance {unknown}
 v - a potion of brilliance {unknown}
 z - a potion of flight {unknown}


   Skills:
 + Level 3.2 Fighting
 + Level 0.8 Long Blades
 + Level 4.5 Dodging
 - Level 2.1 Stealth
 + Level 2.4 Shields
 + Level 3.4 Spellcasting
 * Level 5.8 Ice Magic


You had 5 spell levels left.
You knew the following spells:

 Your Spells              Type           Power      Damage    Failure   Level
a - Freeze                Ice            84%        1d9       2%          1
b - Frozen Ramparts       Ice            42%        1d7       8%          3
c - Ozocubu's Armour      Ice            21%        N/A       8%          3

Your spell library contained the following spells:

 Spells                   Type           Power      Damage    Failure   Level
 Ensorcelled Hibernation  Hex/Ice        24%        N/A       13%         2
 Ignite Poison            Fire/Tmut/Pois 2%         N/A       63%         3
 Inner Flame              Hex/Fire       2%         N/A       63%         3
 Spider Form              Tmut/Pois      2%         N/A       63%         3
 Summon Ice Beast         Ice/Summ       12%        N/A       63%         4
 Anguish                  Hex/Necr       1%         N/A       95%         4
 Sticky Flame             Conj/Fire      2%         2d3       95%         4
 Yara's Violent Unravell  Hex/Tmut       1%         3d3       100%        5
 Enfeeble                 Hex            1%         N/A       100%        7
 Ignition                 Fire           1%         3d3       100%        8


Dungeon Overview and Level Annotations

Branches:
Dungeon (5/15)             Temple (0/1) D:4

Altars:
Uskayaw

Annotations:
D:4 2 runed translucent doors, booth's ghost, amateur DsGl


Innate Abilities, Weirdness & Mutations

((You are very nimble when in or above water. (Stealth+, EV+, Speed+++)))
Your lower body shifts to a powerful aquatic tail in water.


Message History

You climb downwards.
Found 4 gold pieces.
Found a stone staircase leading down.
There is a stone staircase leading up here.
An ogre comes into view. It is wielding a +0 giant club.
The ogre shouts!
You hear a shout!
Casting: Freeze (safe; 2% risk of failure)
Confirm with . or Enter, or press ? or * to list all spells.
Casting: Frozen Ramparts (dangerous; 8% risk of failure)
Press: ? - help, Dir - look around, f - activate The walls around you are covered in ice.
Unknown command.
Casting: Frozen Ramparts (dangerous; 8% risk of failure)
Confirm with . or Enter, or press ? or * to list all spells.
A film of ice covers your body!
A white imp comes into view.
Unknown command.
You barely miss the ogre.
The wall freezes the ogre.
The ogre closely misses you.
You hit the ogre but do no damage.
The ogre is lightly wounded.
The wall freezes the ogre.
The ogre misses you.
You barely miss the ogre.
The ogre is moderately wounded.
You slash the ogre!
The ogre is severely wounded.
The wall freezes the ogre.
The ogre hits you with a +0 giant club!!
The white imp gestures at you. The puff of frost hits you.
Casting: Ozocubu's Armour (dangerous; 8% risk of failure)
Confirm with . or Enter, or press ? or * to list all spells.
Aiming: Freeze (safe; 2% risk of failure)
Press: ? - help, Shift-Dir - straight line, f - ogre
Aim: an ogre, wielding a +0 giant club (almost dead)
You freeze the ogre.
The ogre is almost dead.
The frozen ramparts melt away.
The ogre hits you with a +0 giant club!!
Ouch! That really hurt!
You die...

. .... #. #..#
..##..#########
># ..............
...##...#........
.......#.......
#....#.......
#<.@O......
#..........
#....5.....
#^##....... ..#
....... .###
....... ..
#...$.. .. ......
... ...#


You could see an ogre and a white imp.

Vanquished Creatures
  A black bear (D:3)
  A phantom (D:4)
  Blork the orc (D:4)
  A sleepcap (D:4)
  An orc priest (D:4)
  An orc wizard (D:4)
  5 adders
  2 worms (D:2)
  A dart slug (D:3)
  6 orcs
  4 bats (D:1)
  11 endoplasms
  3 giant cockroaches
  8 goblins
  4 hobgoblins
  5 jackals
  3 quokkas
  5 ball pythons
  2 frilled lizards (D:2)
  5 kobolds
  8 rats
78 creatures vanquished.

Notes
Turn   | Place    | Note
-------+----------+-------------------------------------------
     0 | D:1      | safid the Merfolk Ice Elementalist began the quest for the
                  | Orb.
     0 | D:1      | Reached XP level 1. HP: 13/13 MP: 3/3
   189 | D:1      | Reached XP level 2. HP: 17/20 MP: 5/5
   270 | D:1      | Reached skill level 1 in Fighting
   739 | D:1      | Reached XP level 3. HP: 18/26 MP: 6/6
   743 | D:1      | Learned a level 3 spell: Frozen Ramparts
  1590 | D:2      | Learned a level 3 spell: Ozocubu's Armour
  1725 | D:2      | Reached XP level 4. HP: 33/33 MP: 7/7
  1750 | D:2      | Identified the +4 long sword of the Throat {heavy, rPois
                  | Int+2}
  2039 | D:2      | Found a faded altar of an unknown god.
  2119 | D:3      | Reached skill level 1 in Shields
  2189 | D:3      | Reached skill level 5 in Ice Magic
  2362 | D:3      | Noticed a black bear
  2367 | D:3      | Killed a black bear
  2368 | D:3      | Reached XP level 5. HP: 39/39 MP: 9/9
  2840 | D:4      | Reached XP level 6. HP: 46/46 MP: 10/10
  2932 | D:4      | Found a staircase to the Ecumenical Temple.
  3167 | D:4      | Found a hide-covered altar of Uskayaw.
  3291 | D:4      | Found a large runed translucent door.
  3292 | D:4      | Found a large runed translucent door.
  3294 | D:4      | Noticed booth's ghost (amateur DsGl)
  3478 | D:4      | Noticed Blork the orc
  3492 | D:4      | Killed Blork the orc
  3493 | D:4      | Reached XP level 7. HP: 17/52 MP: 11/12
  3879 | D:5      | Entered Level 5 of the Dungeon
  3890 | D:5      | Slain by an ogre

Illustrated notes

Levels and vault maps discovered:
D:1:      minmay_arrival_open_corners, layout_loops_corners, minmay_tromino_v4_a
D:2:      layout_loops_corners, ebering_ecumenical_altar_abandoned
D:3:      layout_basic
D:4:      layout_basic, mainiacjoe_overflow_catwalk,
          minmay_temple_entry_from_below_a, ebering_ghost_disaster_area,
          serial_forest, infiniplex_forest_corner_1, infiniplex_forest_diagonal,
          infiniplex_forest_clump_medium, infiniplex_forest_clump_small,
          infiniplex_forest_clump_double, infiniplex_forest_clump_small,
          infiniplex_forest_fountain, infiniplex_forest_lined_4_way,
          infiniplex_forest_split, chequers_mini_garden, uniq_blork_the_orc
D:5:      layout_rooms, mainiacjoe_overflow_concentric_impassable, serial_shops,
          nicolae_shop_behind_doors, uniq_sigmund

Skill      XL: |  1  2  3  4  5  6 |
---------------+-------------------+-----
Fighting       | 1 2 3 |  3.2
Dodging        | 3 4 |  4.5
Shields        | 1 2 |  2.4
Ice Magic      | 5 |  5.8
Spellcasting   | 3 |  3.4
Long Blades    | |  0.8
Stealth        | |  2.1

Action                     |  1- 3 |  4- 6 |  7- 9 || total
---------------------------+-------+-------+-------++-------
  Melee: War axe           |    21 |       |       ||    21
         Long sword        |    91 |    45 |       ||   136
         Punch             |     1 |       |       ||     1
         Demon blade       |     1 |    21 |     9 ||    31
   Cast: Freeze            |     2 |     6 |     1 ||     9
         Frozen Ramparts   |     1 |     5 |     1 ||     7
         Ozocubu's Armour  |       |     2 |     1 ||     3
   Stab: Sleeping          |     6 |     4 |       ||    10
 Armour: Robe              |    21 |    12 |       ||    33
  Dodge: Dodged            |    53 |    47 |     2 ||   102
  Block: Buckler           |     9 |    15 |       ||    24
